 Dungeon Crawl Stone Soup version 0.23-a0-577-g2b1de94 (webtiles) character file.

38 gruber the Ducker (level 3, -3/17 HPs)
             Began as a Spriggan Artificer on Dec 15, 2018.
             Killed themself with a badly aimed fireball (18 damage)
             ... on level 2 of the Dungeon.
             The game lasted 00:02:32 (1726 turns).

gruber the Ducker (Spriggan Artificer)              Turns: 1726, Time: 00:02:33

Health: -3/17      AC:  2    Str:  8    XL:     3   Next: 25%
Magic:  7/7        EV: 21    Int: 12    God:
Gold:   32         SH:  0    Dex: 17    Spells: 2/2 levels left

rFire    . . .     SeeInvis +   a - +0 short sword
rCold    . . .     Gourm    .   (shield restricted)
rNeg     . . .     Faith    .   b - +0 robe
rPois    .         Spirit   .   (helmet restricted)
rElec    .         Reflect  .   (no cloak)
rCorr    .         Harm     .   (gloves unavailable)
MR       .....                  (boots unavailable)
Stlth    ++........             (no amulet)
HPRegen  0.05/turn              (no ring)
MPRegen  0.10/turn              (no ring)

@: very quick
A: very small, unfitting armour, see invisible, herbivore, speed 3, slow
metabolism 2
a: no special abilities


You were on level 2 of the Dungeon.
You were not hungry.

You visited 1 branch of the dungeon, and saw 2 of its levels.

You collected 32 gold pieces.

Inventory:

Hand Weapons
 a - a +0 short sword (weapon)
 o - a +0 hunting sling
Missiles
 p - 20 stones (quivered)
 q - 31 sling bullets
Armour
 b - a +0 robe (worn)
Jewellery
 l - a +3 ring of strength {unknown}
 s - an uncursed ring of resist corrosion {unknown}
Wands
 c - a wand of flame (14)
 d - a wand of enslavement (15)
 e - a wand of random effects (15)
Scrolls
 j - 2 scrolls of identify {unknown}
 m - a scroll of remove curse {unknown}
 n - a scroll of blinking {unknown}
 r - a scroll of teleportation {unknown}
 t - a scroll of fog {unknown}
Potions
 g - 2 potions of resistance {unknown}
 h - a potion of heal wounds {unknown}
 i - a potion of curing {unknown}
 k - a potion of mutation {unknown}
Comestibles
 f - 3 rations


   Skills:
 - Level 0.7 Fighting
 - Level 1.1 Short Blades
 * Level 5.5 Dodging
 - Level 1.5 Stealth
 - Level 4.0 Evocations


You had 2 spell levels left.
You didn't know any spells.
Your spell library was empty.

Dungeon Overview and Level Annotations

Branches:
Dungeon (2/15)

Altars:


Innate Abilities, Weirdness & Mutations

You are very small and have problems with some larger weapons.
You are too small for most types of armour.
You have supernaturally acute eyesight. (SInv)
You are a herbivore.
You cover ground extremely quickly.
You need to consume almost no food.


Message History

The bat hits you. The bat barely misses you.
You see here a long sword.
The bat completely misses you.
You closely miss the bat. The bat completely misses you.
The bat closely misses you. The bat misses you.
You see here a long sword.
You miss the bat. The bat barely misses you. The bat misses you.
You hit the bat.
You kill the bat!
Evoke which item? (* to show all) (? for menu, Esc to quit)
Aiming: Random Effects
Press: ? - help, Shift-Dir - straight line, f - adder
Aim: an adder The fireball explodes!
The fireball engulfs the adder.
The adder is severely wounded.
The fireball engulfs you!
Ouch! That really hurt!
You die...

....($....#
#.#.##...####
..........#
#.#.....>.....
..........#
#.#.##.#######
..........# #.#.##...
.........^#
#.#.#####.#
.....!....#
#.........#
..........#
###.#######
..........#######.####
......s......s)S@....#
######################


You could see an adder and a giant cockroach.

Vanquished Creatures
  2 dart slugs (D:1)
  A leopard gecko (D:1)
  A giant cockroach (D:1)
  2 goblins
  2 hobgoblins (D:1)
  4 jackals
  9 bats
  2 frilled lizards
  5 kobolds
  2 rats
30 creatures vanquished.

Notes
Turn   | Place    | Note
-------+----------+-------------------------------------------
     0 | D:1      | gruber the Spriggan Artificer began the quest for the Orb.
     0 | D:1      | Reached XP level 1. HP: 9/9 MP: 4/4
   262 | D:1      | Reached skill level 4 in Dodging
   269 | D:1      | Reached XP level 2. HP: 14/14 MP: 6/6
   781 | D:1      | Reached skill level 5 in Dodging
  1223 | D:2      | Reached XP level 3. HP: 15/17 MP: 7/7
  1726 | D:2      | Killed themself with a badly aimed fireball

Vault maps used:
D:1:      ncdulo_lavacross
D:2:      kennysheep_generic_room_9, uniq_robin

Skill      XL: |  1  2 |
---------------+-------+-----
Dodging        | 4 5 |  5.5
Fighting       | |  0.7
Short Blades   | |  1.1
Stealth        | |  1.5
Evocations     | |  4.0

Action                   || total
-------------------------++-------
Melee: Short sword       ||   123
Evoke: Wand              ||     1
 Stab: Sleeping          ||     3
Armor: Robe              ||    17
Dodge: Dodged            ||   155

Table legend:
 A = Non-vault XP
 B = Vault XP
 C = Vault XP percentage of total XP
 D = Non-vault monster count
 E = Vault monster count
 F = Vault count percentage of total count
                 A         B        C        D         E       F
            +---------+---------+-------+---------+---------+-------
      Total |      55 |       0 |   0.0 |      30 |       0 |   0.0
            +---------+---------+-------+---------+---------+-------
        D:1 |      44 |       0 |   0.0 |      23 |       0 |   0.0
        D:2 |      11 |       0 |   0.0 |       7 |       0 |   0.0
            +---------+---------+-------+---------+---------+-------
